 Dungeon Crawl Stone Soup version 0.17-a0-1753-g75d4604 (webtiles) character file.

1369 George the Cleaver (level 8, -4/66 HPs)
             Began as a Hill Orc Gladiator on Sept 2, 2015.
             Was an Initiate of Okawaru.
             Slain by an orc warrior
             ... wielding a +0 flail
              (7 damage)
             ... on level 6 of the Dungeon.
             The game lasted 00:12:40 (5261 turns).

George the Cleaver (Hill Orc Gladiator)             Turns: 5261, Time: 00:12:40

Health: -4/66      AC: 12    Str: 20    XL:     8   Next: 65%
Magic:  8/8        EV: 10    Int:  8    God:    Okawaru [......]
Gold:   194        SH:  0    Dex: 11    Spells: 0 memorised, 7 levels left

rFire  . . .     SeeInvis .     a - +1 war axe
rCold  . . .     Clarity  .     k - +0 scale mail
rNeg   . . .     SustAt   .     (no shield)
rPois  .         Gourm    .     t - +1 helmet
rElec  .         Spirit   .     J - +2 cloak
rCorr  +         Warding  .     j - +0 pair of gloves
rMut   .         Stasis   .     (no boots)
MR     .....                    z - amulet of resist corrosion
Stlth  ..........               (no ring)
                                (no ring)

@: very slightly contaminated, hasted, very quick, not resistant to hostile
enchantments, extremely unstealthy
A: no striking features
a: Renounce Religion


You were on level 6 of the Dungeon.
You worshipped Okawaru.
Okawaru was noncommittal.
You were very hungry.

You visited 2 branches of the dungeon, and saw 7 of its levels.

You collected 194 gold pieces.

Inventory:

Hand weapons
 a - a +1 war axe (weapon)
Missiles
 d - 3 throwing nets (quivered)
Armour
 j - a +0 pair of gloves (worn)
 k - a +0 scale mail (worn)
 t - a +1 helmet (worn)
 J - a +2 cloak (worn)
Jewellery
 z - an amulet of resist corrosion (around neck)
 L - an uncursed ring of teleportation
Magical devices
 u - a wand of slowing (2)
 H - a wand of frost (13)
 M - a wand of frost (19)
 N - a wand of lightning (13)
Scrolls
 i - 2 scrolls of enchant armour
 p - a scroll of fear
 D - 2 scrolls of remove curse
Potions
 h - a potion of haste
 m - 2 potions of flight
 o - a potion of cure mutation
 r - 2 potions of magic
 v - 6 potions of agility
 O - a potion of ambrosia {unknown}
 Q - a potion of brilliance {unknown}
Comestibles
 e - 5 bread rations
 g - 2 meat rations
 F - 2 fruits
 K - a beef jerky
 R - a slice of pizza


   Skills:
 + Level 3.7 Fighting
 + Level 12.5 Axes
 - Level 2.0 Throwing
 + Level 2.2 Armour
 + Level 3.0 Dodging
 + Level 0.0 Invocations


You had 7 spell levels left.
You didn't know any spells.

Dungeon Overview and Level Annotations

Branches:
Dungeon (6/15)             Temple (1/1) D:5

Altars:
Ashenzari
Cheibriados
Elyvilon
Fedhas
Gozag
Kikubaaqudgha
Makhleb
Nemelex Xobeh
Okawaru
Ru
Sif Muna
Trog
Zin
The Shining One

Shops:
D:5 }   D:6 :


Message History

The sky beast hits you.
* * * LOW HITPOINT WARNING * * *
The sky beast shocks you.
* * * LOW HITPOINT WARNING * * *
You hit the orc warrior but do no damage.
The orc warrior is severely wounded.
You hit the sky beast but do no damage.
The sky beast is moderately wounded.
The orc warrior splashes around in the water.
You closely miss the orc warrior.
The orc warrior is severely wounded.
You slash the sky beast!
The sky beast is severely wounded.
The sky beast closely misses you.
You hit the orc warrior.
The orc warrior is almost dead.
You hit the sky beast.
The sky beast is almost dead.
The orc warrior hits you with a flail!
You die...

,,,,,,,.............# #......##
,,,,,***####....###############
,,,,,,,,* #...##≈≈≈≈≈≈≈≈≈≈≈≈≈*
***,***,* #.#.##≈≈≈≈.....≈≈≈≈*
*,* *,*###.#.##≈≈≈.......≈≈≈*
*,* *,*#...<..#≈≈....♣..,,≈≈*
*,* *,##......#≈...♣♣≈♣♣,,,≈*
*,* *.........#Y...♣...♣,,,≈*
*,* *###..>...@o..♣..♣,,*,,≈*
***,*****#.....##≈...♣,?.♣,,,≈*
,,,,,,,,.....####≈...♣*,*♣,,,≈*
,,,,,,,...###* #≈≈....♣,,,,≈≈*
*******##.* #≈≈≈.....,,≈≈≈* *,*
#≈≈≈≈....,≈≈≈≈* *,*
#≈≈≈≈≈≈≈≈≈≈≈≈≈*
*,******##########*****
*,,,,,,,,,*


You could see an orc warrior and a sky beast.

Vanquished Creatures
  Pikel (D:4)
  2 slaves (D:4)
  2 ogres (D:5)
  A centaur (D:5)
  3 scorpions
  2 jellies (D:5)
  2 orc wizards
  2 hounds
  Ijyb (D:2)
  A centaur skeleton (D:4)
  Jessica (D:2)
  Terence (D:2)
  An iguana (D:6)
  2 worker ants
  Robin (D:2)
  7 adders
  An ooze (D:2)
  2 adder skeletons (D:5)
  A worm (D:2)
  5 giant geckos
  6 orcs
  2 giant cockroaches
  11 goblins
  11 hobgoblins
  6 kobolds
  2 quokkas (D:3)
  8 bats
  5 giant newts
  6 jackals (D:2)
  A jackal skeleton (D:6)
  7 rats
104 creatures vanquished.

Vanquished Creatures (others)
  A water moccasin skeleton (D:4)
  2 orc wizards (D:4)
  An adder (D:4)
  3 orcs (D:4)
  2 jackals (D:4)
9 creatures vanquished.

Grand Total: 113 creatures vanquished

Notes
Turn   | Place    | Note
--------------------------------------------------------------
     0 | D:1      | George the Hill Orc Gladiator began the quest for the Orb.
     0 | D:1      | Reached XP level 1. HP: 18/18 MP: 1/1
   142 | D:1      | Reached XP level 2. HP: 25/25 MP: 2/2
   274 | D:1      | Reached skill level 5 in Axes
   558 | D:2      | Reached XP level 3. HP: 18/30 MP: 3/3
   723 | D:2      | Noticed Robin
   740 | D:2      | Killed Robin
   740 | D:2      | Reached skill level 6 in Axes
  1012 | D:2      | Noticed Terence
  1036 | D:2      | Killed Terence
  1036 | D:2      | Reached XP level 4. HP: 27/37 MP: 4/4
  1174 | D:2      | Found a bloodstained altar of Trog.
  1220 | D:2      | Reached skill level 7 in Axes
  1221 | D:2      | Noticed Ijyb
  1237 | D:2      | Killed Ijyb
  1237 | D:2      | Reached XP level 5. HP: 31/42 MP: 5/5
  1381 | D:2      | Noticed Jessica
  1384 | D:2      | Killed Jessica
  1851 | D:3      | Reached skill level 8 in Axes
  2230 | D:3      | Found a white marble altar of Elyvilon.
  2523 | D:4      | Reached XP level 6. HP: 44/50 MP: 6/6
  2534 | D:4      | Found a sparkling altar of Nemelex Xobeh.
  2540 | D:4      | Reached skill level 9 in Axes
  2746 | D:4      | Noticed a slave
  2747 | D:4      | Noticed Pikel
  2747 | D:4      | Noticed a slave
  2747 | D:4      | Noticed a slave
  2748 | D:4      | Noticed a slave
  2766 | D:4      | Killed a slave
  2783 | D:4      | Killed a slave
  2806 | D:4      | Killed Pikel
  2806 | D:4      | Reached skill level 11 in Axes
  2806 | D:4      | Reached XP level 7. HP: 10/56 MP: 7/7
  3168 | D:4      | Found a bloodstained altar of Trog.
  3391 | D:5      | Entered Level 5 of the Dungeon
  3407 | D:5      | Found Yrixt's Gadget Emporium.
  3418 | D:5      | Reached skill level 12 in Axes
  3418 | D:5      | Reached XP level 8. HP: 59/62 MP: 8/8
  4105 | D:5      | Reached skill level 1 in Armour
  4826 | D:5      | Found a staircase to the Ecumenical Temple.
  4835 | Temple   | Entered the Ecumenical Temple
  4931 | Temple   | Became a worshipper of Warmaster Okawaru
  5127 | D:6      | Found Josteqonn's Book Boutique.
  5244 | D:6      | HP: 3/66 [orc wizard/dagger (5)]
  5258 | D:6      | HP: 3/66 [sky beast (6)]
  5261 | D:6      | Slain by an orc warrior

Vault maps used:
D:1:      dpeg_arrival_tiny_c
D:2:      trog_butcher_becter, uniq_jessica, uniq_robin, uniq_iyjb, uniq_terence
D:3:      nicolae_overflow_hidden_temple, elyvilon_altar_5
D:4:      nicolae_overflow_crystal_walls, first_bread, trog_book, uniq_pikel
D:5:      temple_hall, serial_shops, shop
D:6:      serial_shops, kennysheep_mini_moat, kennysheep_generic_room_2
Temple:   chambers_temple_12

Action                   |  1- 3 |  4- 6 |  7- 9 || total
-------------------------+-------+-------+-------++-------
Melee: War axe           |   115 |   191 |   122 ||   428
  Use: Scroll            |       |       |    18 ||    18
       Potion            |       |       |     2 ||     2
  Eat: Chunk             |       |     6 |     7 ||    13
